Map: Opérations galactiques EC

Players

zidar

  • Race: Zerg Zerg
  • League: Platinum
  • Spawn Location: 7:00

kjen - Winner!

  • Race: Terran Terran
  • Spawn Location: 1:00

VOD

Have the link to the VOD?

Description

Time

  • Played on: Oct. 8, 2016, 11:23 a.m.
  • Length: 7:59
Show
View Real Time Build Order
Export as new Build Order

zidar Zerg 

Build Orders: Hatch First 

Get SALT Encoding   

  12  0:02  Drone  
  13  0:13  Overlord  
  13  0:17  Drone  
  14  0:31  Drone x2  
  16  0:51  Hatchery  
  16  0:53  Drone  
  16  0:57  Extractor  
  15  0:59  Drone  
  16  1:19  Spawning Pool  
  16  1:20  Drone  
  17  1:25  Drone  
  17  1:30  Drone  
  18  1:38  Overlord  
  18  1:43  Drone  
  19  2:06  Queen  
  19  2:07  Queen  
  23  2:11  Zergling x2  
  23  2:12  Zergling x2  
  25  2:19  Metabolic Boost  
  25  2:25  Drone  
  25  2:27  Drone  
  27  2:44  Drone  
  27  2:49  Drone x3  
  27  2:50  Drone x2  
  33  3:02  Baneling Nest  
  33  3:03  Drone  
  32  3:22  Queen  
  32  3:23  Hatchery  
  33  3:29  Overlord  
  33  3:31  Overlord  
  33  3:38  Extractor  
  32  3:56  Lair  
  32  3:57  Pneumatized Carapace  
  32  4:31  Zergling x2  
  32  4:32  Zergling x14  
  40  4:39  Drone x5  
  40  4:41  Queen  
  47  5:00  Baneling x3  
  47  5:01  Baneling x2  
  47  5:08  Centrifical Hooks  
  47  5:17  Evolution Chamber  
  47  5:21  Evolution Chamber  
  45  5:25  Spire  
  45  5:27  Drone x6  
  50  5:29  Drone x2  
  50  5:30  Drone  
  50  5:33  Drone  
  50  5:34  Drone x2  
  56  5:40  Drone x2  
  58  5:45  Zerg Melee Weapons Level 1  
  58  5:54  Extractor  
  58  5:55  Extractor  
  56  6:24  Drone x2  
  58  6:27  Overlord x4  
  58  6:43  Zergling x2  
  58  6:44  Zergling x2  
  48  7:02  Zergling x22  
  49  7:11  Baneling x4  
  42  7:25  Baneling x7  
  42  7:26  Baneling x6  
  42  7:34  Zergling x2  
  42  7:35  Zergling x6  
Show
View Real Time Build Order
Export as new Build Order

kjen Terran - Winner!

Build Orders:  

Get SALT Encoding   

  12  0:01  SCV  
  13  0:13  SCV  
  14  0:17  Supply Depot  
  14  0:25  SCV  
  15  0:39  SCV  
  15  0:40  Barracks  
  16  0:51  SCV  
  17  1:03  SCV  
  18  1:15  SCV  
  18  1:17  Refinery  
  19  1:29  Supply Depot  
  19  1:30  Orbital Command  
  19  1:31  Marine  
  20  1:48  Marine  
  21  2:03  Command Center  
  21  2:09  SCV  
  22  2:20  Barracks Tech Lab  
  22  2:21  SCV  
  23  2:33  SCV  
  24  2:40  Stimpack  
  24  2:41  Marine  
  25  2:45  SCV  
  26  2:54  Barracks  
  26  2:56  Barracks  
  26  2:57  Barracks, SCV  
  27  2:59  Marine  
  28  3:09  SCV  
  28  3:10  Refinery  
  29  3:17  Marauder, Engineering Bay  
  31  3:21  SCV  
  32  3:31  Orbital Command  
  32  3:33  SCV  
  33  3:43  Barracks Reactor  
  33  3:52  Barracks Reactor  
  33  3:54  Marine  
  35  3:56  SCV  
  35  3:59  SCV  
  37  4:08  SCV  
  37  4:10  Barracks Reactor  
  37  4:11  SCV  
  37  4:12  Marine  
  39  4:20  SCV  
  39  4:21  Marine x2  
  39  4:23  SCV  
  43  4:28  Marine  
  43  4:29  Marine  
  43  4:30  Marauder  
  46  4:38  Terran Infantry Weapons Level 1  
  46  4:39  Supply Depot  
  46  4:40  Combat Shield  
  46  4:51  Factory  
  46  5:00  Marine x6  
  46  5:01  SCV x2  
  46  5:02  Supply Depot  
  46  5:06  Marauder  
  56  5:13  SCV x2  
  58  5:18  Marine x4  
  62  5:23  Marine x2  
  62  5:25  SCV x2, Supply Depot  
  62  5:27  Marine  
  67  5:36  Marine x3, Factory Reactor  
  70  5:46  Marine x3, Marauder, SCV x2  
  70  5:47  Starport  
  70  5:48  Supply Depot  
  77  5:54  Marine  
  78  5:59  Concussive Shells  
  78  6:07  Supply Depot  
  78  6:09  Marine, Engineering Bay  
  78  6:10  Marauder, SCV x2  
  83  6:11  Marine  
  83  6:12  Marine  
  83  6:13  Armory  
  85  6:22  SCV  
  86  6:28  Marine x4, SCV  
  86  6:31  Marauder  
  93  6:34  SCV  
  94  6:58  Marine x4  
  94  6:59  Marauder, SCV x2  
  88  7:11  SCV  
  88  7:12  Marine x2  
  91  7:15  Medivac  
  91  7:16  Marine  
  91  7:20  Marine  
  94  7:43  Supply Depot  
  102  7:44  Supply Depot  
  102  7:45  Supply Depot  
Tags
 
Add a new tag
Caveats
  • Supply blocks, unpowered buildings, or Contaminate may cause inaccurate times.
  • Supply counts are checked every 10 seconds.